cohdb
Replays
Latest Replays
All Replays
Popular Replays
Top Player Replays
Match Explorer
How It Works
Community
CoH3 Stats
Reddit
Sign in to upload your games and track your stats! →
Sign in with Steam
Match 40101161
Unlisted
Match 40101161
Overview
Messages
Build Orders
End
Panzergrenadier Squad
Selects Panzerjäger Kommand Battlegroup
Selects Mine Fields
250 Light Carrier
Construct Light Support Kompanie
Assault Grenadier Squad
Combat Half-tracks
2.5-tonne Medical Truck
MG34 Team
Construct Mechanized Kompanie
Selects GrB 39 Grenade Launcher Requisition
Support Armor Elements
StuG III D Assault Gun
Panzerjäger Mechanized Group
StuG III D Assault Gun
Marder III Tank Destroyer
Selects Crew Shock Tactics
darckplayguis
Bighazelnut
Wretched-White-Water
MaxS_KZ
TVirus
Pendejo
0
0
Comments
sign in to comment!
No comments posted yet!